 Dungeon Crawl Stone Soup version 0.26.0-41-g79a4fc7684 (webtiles) character file.

Game seed: 14702007053312736944

2001 DasRunzen the Schismatic (level 9, -16/69 HPs)
             Began as a Demonspawn Abyssal Knight on Jan 26, 2021.
             Was an Elder of Lugonu.
             Killed from afar by a big kobold (22 damage)
             ... with a bolt of acid
             ... on level 6 of the Dungeon.
             The game lasted 00:15:47 (8189 turns).

DasRunzen the Schismatic (DsAK)                     Turns: 8189, Time: 00:15:47

Health: -16/69     AC: 14    Str: 21    XL:     9   Next: 2%
Magic:  14/14      EV:  9    Int: 14    God:    Lugonu [****..]
Gold:   345        SH:  0    Dex: 13    Spells: 8/8 levels left

rFire    . . .     SeeInvis .   a - +4 spear
rCold    + . .     Faith    .   (no shield)
rNeg     . . .     Spirit   .   k - +0 plate armour
rPois    .         Reflect  .   n - +0 helmet
rElec    .         Harm     .   (no cloak)
rCorr    .         Rampage  .   (no gloves)
Will     .....                  o - +0 pair of boots
Stlth    ..........             (no amulet)
HPRegen  0.21/turn              b - +6 ring of strength
MPRegen  0.14/turn              p - +4 ring of slaying

@: no status effects
A: hooves 1, cold resistance 1, miasma immunity, freezing cloud immunity, sturdy
frame 1
a: Renounce Religion, Depart the Abyss, Bend Space, Banish, Corrupt


You were on level 6 of the Dungeon.
You worshipped Lugonu.
Lugonu was greatly pleased with you.
You visited 1 branch of the dungeon, and saw 6 of its levels.
You visited the Abyss 1 time.

You collected 345 gold pieces.

Inventory:

Hand Weapons
 a - a +4 spear (weapon)
 z - a +1 hand axe of flaming
Armour
 k - a +0 plate armour (worn)
 n - a +0 helmet (worn)
 o - a +0 pair of boots (worn)
Jewellery
 b - a +6 ring of strength (left hand)
 p - a +4 ring of slaying (right hand)
 y - an uncursed ring of protection from cold {unknown}
Wands
 i - a wand of acid (9)
Scrolls
 j - 3 scrolls of remove curse
 r - 2 scrolls of teleportation
 s - a scroll of blinking
 u - a scroll of fog
 w - a scroll of amnesia
 x - a scroll of identify
Potions
 c - 2 potions of might
 d - 4 potions of curing
 e - 3 potions of lignification
 f - 2 potions of berserk rage {unknown}
 g - 3 potions of haste
 h - 2 potions of cancellation
 l - 2 potions of magic
 m - 4 potions of brilliance
 q - 2 potions of ambrosia {unknown}
 t - a potion of flight
 v - 2 potions of resistance


   Skills:
 + Level 6.0 Fighting
 + Level 4.9 Polearms
 + Level 4.8 Armour
 + Level 4.6 Dodging
 + Level 7.0 Invocations
 + Level 2.3 Evocations


You had 8 spell levels left.
You didn't know any spells.
Your spell library was empty.

Dungeon Overview and Level Annotations

Branches:
Dungeon (6/15)             Temple (0/1) D:5

Altars:

Shops:
D:4 !

Annotations:
D:6 xeno23's ghost, novice DrTm


Innate Abilities, Weirdness & Mutations

You have large cloven feet.
Your flesh is cold resistant. (rC+)
You are immune to miasma.
You are immune to freezing clouds.
Your movements are slightly less encumbered by armour. (ER -2)


Message History

You feel sick.
You feel sick.
The big kobold hits you but does no damage.
You blink.
Xeno23's ghost whispers, "Death is liberation."
The big kobold hits you but does no damage.
You feel sick.
You are no longer poisoned.
The big kobold throws a stone.
The stone hits you.
* * * LOW HITPOINT WARNING * * *
You see here a stone.
The big kobold hits you but does no damage.
Space warps horribly around you!
* * * LOW HITPOINT WARNING * * *
The big kobold hits you but does no damage.
You blink.
The big kobold zaps a wand.
The bolt of acid misses you.
The big kobold throws a stone.
The stone completely misses you.
The big kobold throws a stone.
The stone barely misses you.
The big kobold zaps a wand.
The bolt of acid hits you!!
You die...

.## #.# #.# #.## ### ..# ##.###
#.# ##.# #.. .## #....## #.####
#.### ##.# .##
###...#####....#####..###.##
..####.###...#..##.........##.###
#.^....####...###....#####...## #
#.......# ##.###....## ##..####
#.......###...(......# ###....
...###.......KK.@....## ####..
.### ##..#...KKW......### ##.####
.# #.###....K###.....# #.####.
.## ##.# ##...........## ##.#...
..## #.## ##...K(.###.## #....#
...###.# #..###.## #..# #..###
....#..# #### #.# ##.# ##..###
......## ##)# #.####......
##..### #..## #..#..####..


You could see 6 big kobolds and xeno23's ghost.

Vanquished Creatures
  Grinder (D:5)
  A water moccasin (D:6)
  2 orc warriors
  An ice beast (D:6)
  A centaur (D:6)
  2 big kobolds (D:6)
  A bullfrog (D:6)
  A wyvern zombie (D:6)
  A scorpion (D:4)
  5 hounds
  3 orc priests
  8 orc wizards
  2 bullfrog skeletons
  5 worker ants
  Natasha (thrice) (D:2)
  A hound zombie (D:6)
  A hound skeleton (D:4)
  6 gnolls
  10 adders
  A shadow imp (D:5)
  3 white imps
  2 worms
  4 dart slugs
  5 leopard geckos
  19 orcs
  9 bats
  4 giant cockroaches
  7 goblins
  5 hobgoblins
  7 jackals
  10 kobolds
  3 ball pythons
  4 frilled lizards
  A quokka zombie (D:5)
  6 rats
145 creatures vanquished.

Vanquished Creatures (others)
  A fungus (D:6)
  75 plants
76 creatures vanquished.

Grand Total: 221 creatures vanquished

Notes
Turn   | Place    | Note
-------+----------+-------------------------------------------
     0 | Abyss:1  | DasRunzen the Demonspawn Abyssal Knight began the quest for
                  | the Orb.
     0 | Abyss:1  | Reached XP level 1. HP: 18/18 MP: 2/2
    35 | Abyss:1  | Noticed a small abomination
    68 | Abyss:1  | Noticed a starcursed mass
    69 | D:1      | Escaped the Abyss
   144 | D:1      | Reached * piety under Lugonu
   153 | D:1      | Reached skill level 1 in Dodging
   219 | D:1      | Gained mutation: You are immune to miasma. [demonic
                  | ancestry]
   219 | D:1      | Reached XP level 2. HP: 24/24 MP: 3/3
   828 | D:1      | Reached XP level 3. HP: 29/29 MP: 5/5
  1166 | D:2      | Reached skill level 3 in Invocations
  1413 | D:2      | Noticed Natasha
  1421 | D:2      | Killed Natasha
  1422 | D:2      | Gained mutation: Your flesh is cold resistant. (rC+)
                  | [demonic ancestry]
  1422 | D:2      | Reached XP level 4. HP: 23/37 MP: 6/6
  1553 | D:2      | Reached ** piety under Lugonu
  1791 | D:2      | Noticed Natasha
  1809 | D:2      | Killed Natasha
  1810 | D:2      | Reached XP level 5. HP: 29/42 MP: 7/7
  2020 | D:2      | Noticed Natasha
  2029 | D:2      | Killed Natasha
  2167 | D:2      | Reached skill level 4 in Invocations
  2890 | D:3      | Gained mutation: You are immune to freezing clouds.
                  | [demonic ancestry]
  2890 | D:3      | Reached XP level 6. HP: 16/48 MP: 9/9
  4116 | D:4      | Found Wivix's Distillery.
  4809 | D:4      | Reached *** piety under Lugonu
  4810 | D:4      | Gained mutation: You have large cloven feet. [demonic
                  | ancestry]
  4810 | D:4      | Reached XP level 7. HP: 40/55 MP: 10/10
  5019 | D:4      | Reached skill level 5 in Invocations
  5269 | D:5      | Entered Level 5 of the Dungeon
  5424 | D:5      | Found a staircase to the Ecumenical Temple.
  5738 | D:5      | Reached skill level 5 in Fighting
  5752 | D:5      | Noticed Grinder
  5754 | D:5      | Paralysed by Grinder for 6 turns
  5778 | D:5      | Paralysed by Grinder for 3 turns
  5787 | D:5      | Killed Grinder
  5788 | D:5      | Reached XP level 8. HP: 40/62 MP: 12/12
  6075 | D:6      | Reached skill level 6 in Invocations
  6528 | D:6      | Reached skill level 1 in Evocations
  6542 | D:6      | Found a runed translucent gate.
  6543 | D:6      | Found a runed translucent gate.
  6543 | D:6      | Noticed xeno23's ghost (novice DrTm)
  6544 | D:6      | Found a runed translucent gate.
  7731 | D:6      | Reached **** piety under Lugonu
  8156 | D:6      | Reached skill level 7 in Invocations
  8170 | D:6      | Gained mutation: Your movements are slightly less
                  | encumbered by armour. (ER -2) [demonic ancestry]
  8170 | D:6      | Reached XP level 9. HP: 53/69 MP: 14/14
  8189 | D:6      | Killed from afar by a big kobold

Illustrated notes

Levels and vault maps discovered:
D:1:      evilmike_arrival_rings, layout_loops_ring
D:2:      layout_basic, uniq_natasha
D:3:      layout_basic, st_stairs_11, lemuel_another_geyser
D:4:      layout_basic, serial_shops,
          nicolae_shop_temple_entry_statues_fountains, cheibrodos_gnoll_hut
D:5:      layout_basic, minmay_temple_entry_junction, hangedman_glass_garden,
          kennysheep_potato, uniq_grinder
D:6:      layout_layer_cave, gammafunk_ghost_nasty_kobolds, grunt_ministairs_9,
          chequers_serial_rivers_large_a, kennysheep_boxes

Skill      XL: |  1  2  3  4  5  6  7  8 |
---------------+-------------------------+-----
Dodging        | 1 2 3 4 |  4.6
Polearms       | 2 3 4 |  4.9
Armour         | 2 3 4 |  4.8
Invocations    | 3 4 5 7 |  7.0
Fighting       | 4 5 6 |  6.0
Evocations     | 2 |  2.3

Action                   |  1- 3 |  4- 6 |  7- 9 || total
-------------------------+-------+-------+-------++-------
Melee: Spear             |   137 |   296 |   244 ||   677
Invok: Depart the Abyss  |     1 |       |       ||     1
  Use: Scroll            |     5 |    12 |     6 ||    23
       Potion            |     1 |     1 |       ||     2
Armor: Leather armour    |    32 |     3 |       ||    35
       Plate armour      |       |   184 |   127 ||   311
Dodge: Dodged            |    59 |    72 |    65 ||   196
